 Dungeon Crawl Stone Soup version 0.28.0-53-g5a82cb258f (webtiles) character file.

Game seed: 14908060785326185944

499 jiml777 the Digger (level 7, -5/40 HPs)
             Began as a Gargoyle Earth Elementalist on July 8, 2022.
             Killed by divine providence
             ... invoked by an orc priest
              (11 damage)
             ... on level 5 of the Dungeon.
             The game lasted 00:22:04 (5405 turns).

jiml777 the Digger (Gargoyle Earth Elementalist)    Turns: 5405, Time: 00:22:04

Health: -5/40      AC: 13    Str:  8    XL:     7   Next: 16%
Magic:  3/12       EV: 11    Int: 17    God:
Gold:   116        SH:  0    Dex: 13    Spells: 4/13 levels left

rFire   + . .      SeeInvis .   r - +4 war axe of Termination {vorpal, rF+ rCorr Str-4}
rCold   . . .      Faith    .   (no shield)
rNeg    + + .      Spirit   .   h - +0 leather armour
rPois   ∞          Reflect  .   e - +0 helmet
rElec   +          Harm     .   t - +0 cloak
rCorr   +          Rampage  .   m - +2 pair of gloves {Dex+3}
Will    +....                   (no boots)
Stlth   ++........              (no amulet)
HPRegen 0.13/turn               a - ring of positive energy
MPRegen 0.13/turn               j - ring of willpower

@: no status effects
A: sickness immunity, AC +4, negative energy resistance 1, electricity
resistance, torment resistance 1, petrification resistance
a: no special abilities


You were on level 5 of the Dungeon.
You visited 1 branch of the dungeon, and saw 5 of its levels.
You also visited: Sewer.

You collected 182 gold pieces.
You spent 66 gold pieces at shops.

Inventory:

Hand Weapons
 f - a +0 dagger
 o - a +0 short sword of electrocution
 r - the +4 war axe of Termination (weapon) {vorpal, rF+ rCorr Str-4}
   (You found it on level 2 of the Dungeon)

   It inflicts extra damage upon your enemies.
   Str:       It affects your strength (-4).
   rF:        It protects you from fire.
   rCorr:     It protects you from acid and corrosion.
 u - a +3 quarterstaff of chaos
Missiles
 c - 101 stones
 C - 17 sling bullets
Armour
 b - a +0 robe
 e - a +0 helmet (worn)
 h - a +0 leather armour (worn)
 m - a +2 pair of gloves of dexterity (worn)
 t - a +0 cloak (worn)
Magical Staves
 v - a staff of death
Jewellery
 a - a ring of positive energy (left hand)
 j - a ring of willpower (right hand)
Scrolls
 n - a scroll of brand weapon
 w - 2 scrolls of fog {unknown}
 y - 2 scrolls of magic mapping {unknown}
 A - a scroll of teleportation
 B - a scroll of noise {unknown}
Potions
 d - a potion of brilliance {unknown}
 g - a potion of resistance {unknown}
 i - a potion of haste {unknown}
 k - a potion of ambrosia {unknown}
 l - 2 potions of curing
 p - a potion of heal wounds {unknown}
 q - 2 potions of mutation
 s - 2 potions of lignification {unknown}
 x - a potion of invisibility {unknown}
 z - a potion of magic {unknown}


   Skills:
 * Level 2.2 Fighting
 + Level 1.4 Short Blades
 + Level 2.4 Axes
 + Level 0.3(1.6) Maces & Flails
 * Level 2.3 Armour
 + Level 2.4 Dodging
 - Level 2.6 Stealth
 * Level 3.6 Spellcasting
 + Level 0.7 Transmutations
 * Level 5.2 Earth Magic


You had 4 spell levels left.
You knew the following spells:

 Your Spells              Type           Power      Damage    Failure   Level
a - Sandblast             Erth           40%        2d10      2%          1
b - Passwall              Tmut/Erth      10%        N/A       11%         2
c - Blink                 Tloc           6%         N/A       34%         2
d - Petrify               Tmut/Erth      13%        N/A       56%         4

Your spell library contained the following spells:

 Spells                   Type           Power      Damage    Failure   Level
 Stone Arrow              Conj/Erth      22%        3d8       24%         3
 Ignite Poison            Fire/Tmut/Pois 3%         N/A       54%         3
 Inner Flame              Hex/Fire       3%         N/A       56%         3
 Lesser Beckoning         Tloc           3%         N/A       56%         3
 Irradiate                Conj/Tmut      2%         3d14      99%         5
 Manifold Assault         Tloc           3%         N/A       100%        5
 Starburst                Conj/Fire      1%         6d3       100%        6


Dungeon Overview and Level Annotations

Branches:
Dungeon (4/15)              Sewer (visited)
 Temple: D:4-7

Altars:
Elyvilon

Shops:
D:1 *


Innate Abilities, Weirdness & Mutations

You are immune to sickness and miasma.
Your stone body is resilient. (AC +4)
You are immune to poison.
You resist negative energy. (rN+)
You are resistant to electric shocks. (rElec)
You are resistant to unholy torment.
You are immune to petrification.


Message History

The orc priest casts a cantrip, but nothing happens.
The bullfrog skeleton hits you but does no damage.
The orc barely misses you.
A jelly comes into view.
You closely miss the orc priest.
The orc priest is moderately wounded.
You closely miss the orc.
You completely miss the bullfrog skeleton.
The orc priest calls down the wrath of Beogh upon you.
Beogh smites you!
The bullfrog skeleton barely misses you.
The orc barely misses you.
The orc priest hits you but does no damage.
The bullfrog skeleton barely misses you.
You see here an adder corpse.
Casting: Sandblast (safe; 2% risk of failure)
Confirm with . or Enter, or press ? or * to list all spells.
Aiming: Sandblast (safe; 2% risk of failure)
Press: ? - help, Shift-Dir - straight line, f/p - orc priest
Aim: an orc priest, wielding a +0 dagger and wearing a +0 chain mail (moderately wounded, 86% to hit)
The blast of sand hits the orc!
You kill the orc!
You hit the bullfrog skeleton.
The bullfrog skeleton is lightly damaged.
The bullfrog skeleton closely misses you.
The orc priest invokes the aid of Beogh against you.
Beogh smites you!
* * * LOW HITPOINT WARNING * * *
You slash the orc!
You kill the orc!
The bullfrog skeleton hits you but does no damage.
You hit the bullfrog skeleton.
The bullfrog skeleton is moderately damaged.
The bullfrog skeleton hits you but does no damage.
You hit the bullfrog skeleton.
The bullfrog skeleton is heavily damaged.
The bullfrog skeleton hits you but does no damage.
The orc priest invokes the aid of Beogh against you.
Beogh smites you!
You die...

#.. . #.# ..
#.# ... #.#
.... #>.
.....##.####
...ooooo...#
#Z# #@# #.# .#
#.# .#.#. #.#
.... #
#.###.#.#
#.####.....#.#
#............#
#............#
#............#


You could see an orc priest, an orc and a bullfrog skeleton.

Vanquished Creatures
  Edmund (D:4)
  Pargi (Sewer)
  Crazy Yiuf (D:2)
  An orc priest (D:4)
  2 orc wizards
  4 gnolls (D:3)
  4 adders
  3 worms
  6 dart slugs
  10 orcs
  7 ball pythons
  2 bats
  2 endoplasms (D:1)
  7 giant cockroaches
  9 goblins
  6 hobgoblins
  2 quokkas
  3 frilled lizards
  4 kobolds
  4 rats
79 creatures vanquished.

Notes
Turn   | Place    | Note
-------+----------+-------------------------------------------
     0 | D:1      | jiml777 the Gargoyle Earth Elementalist began the quest for
                  | the Orb.
     0 | D:1      | Reached XP level 1. HP: 10/10 MP: 3/3
   283 | D:1      | Reached XP level 2. HP: 15/15 MP: 5/5
   564 | D:1      | Reached skill level 4 in Earth Magic
   580 | D:1      | Found Xoguefel's Assorted Antiques.
   583 | D:1      | Got the Catalogue of the Shifting Blaze
   841 | D:1      | Found a faded altar of an unknown god.
   841 | D:1      | Noticed a golden eye
   856 | D:1      | Noticed a golden eye
   964 | D:1      | Noticed a golden eye
   964 | D:1      | Noticed a shining eye
  1678 | D:1      | Bought a pink potion for 20 gold pieces
  1678 | D:1      | Bought a scroll labelled PEANAL OCHORROO for 23 gold pieces
  1678 | D:1      | Bought a scroll labelled UCEOCSYULA for 23 gold pieces
  1741 | D:2      | Reached XP level 3. HP: 5/19 MP: 4/6
  1747 | D:2      | Reached skill level 1 in Short Blades
  2483 | D:2      | Identified the +4 war axe of Termination {vorpal, rF+ rCorr
                  | Str-4}
  2553 | D:2      | Found a runed translucent door.
  2554 | D:2      | Noticed Crazy Yiuf
  2560 | D:2      | Killed Crazy Yiuf
  2561 | D:2      | Reached XP level 4. HP: 17/24 MP: 3/7
  3002 | D:3      | Learned a level 2 spell: Passwall
  3350 | D:3      | Reached skill level 1 in Fighting
  3351 | D:3      | Reached skill level 1 in Armour
  3351 | D:3      | Reached XP level 5. HP: 23/29 MP: 8/8
  3363 | D:3      | Reached skill level 1 in Axes
  3477 | D:3      | Found a glowing drain.
  3485 | Sewer    | Entered a sewer
  3780 | Sewer    | Noticed Pargi
  3794 | Sewer    | Killed Pargi
  3795 | Sewer    | Reached XP level 6. HP: 25/35 MP: 5/10
  4002 | D:3      | Found a white marble altar of Elyvilon.
  4982 | D:4      | Noticed Edmund
  4990 | D:4      | Killed Edmund
  4991 | D:4      | Reached skill level 5 in Earth Magic
  5059 | D:4      | Reached XP level 7. HP: 39/40 MP: 9/12
  5206 | D:4      | You fall into a shaft and drop 1 floor!
  5206 | D:5      | Entered Level 5 of the Dungeon
  5332 | D:5      | Learned a level 2 spell: Blink
  5337 | D:5      | Learned a level 4 spell: Petrify
  5405 | D:5      | Killed from afar by an orc priest

Illustrated notes

Levels and vault maps discovered:
D:1:      sevenhm_arrival_forest_fort_large_4, layout_basic,
          hellmonk_ecumenical_altar_watching_god, serial_shops,
          nicolae_shop_advertising_works [nicolae_subvault_shop_adworks]
D:2:      layout_basic, uniq_crazy_yiuf_cottage
D:3:      layout_basic, elyvilon_altar_3, gup_sewer_entry_pipe, st_stairs_5,
          minmay_surrounded
D:4:      layout_cave_pools, minmay_temple_entry_trees, uniq_edmund
D:5:      layout_basic, uniq_blork_the_orc

Skill      XL: |  1  2  3  4  5  6 |
---------------+-------------------+-----
Earth Magic    | 4 5 |  5.2
Dodging        | 2 |  2.4
Short Blades   | 1 |  1.4
Fighting       | 1 2 |  2.2
Armour         | 1 2 |  2.3
Axes           | 2 |  2.4
Spellcasting   | 3 |  3.6
Maces & Flails | |  0.3
Stealth        | |  2.6
Transmutations | |  0.7

Action                   |  1- 3 |  4- 6 |  7- 9 || total
-------------------------+-------+-------+-------++-------
Melee: Unarmed           |     7 |       |       ||     7
       Club              |    31 |       |       ||    31
       Dagger            |    74 |       |       ||    74
       Punch             |     1 |     5 |       ||     6
       War axe           |       |    80 |    26 ||   106
 Cast: Sandblast         |    14 |    23 |    10 ||    47
  Use: Scroll            |     1 |     5 |       ||     6
 Stab: Sleeping          |     1 |       |       ||     1
Armor: Robe              |    13 |       |       ||    13
       Leather armour    |    23 |    52 |    30 ||   105
Dodge: Dodged            |    59 |    69 |    30 ||   158
